 Dungeon Crawl Stone Soup version 0.16-b1 (console) character file.

54596 mauris the Severer (level 14, -25/132 HPs)
             Began as a Deep Dwarf Berserker on Mar 14, 2015.
             Was the Champion of Trog.
             Annihilated by Wiglaf
             ... wielding a cursed -2 war axe
              (28 damage)
             ... on level 5 of the Snake Pit.
             The game lasted 01:05:17 (7549 turns).

mauris the Severer (Deep Dwarf Berserker)           Turns: 7549, Time: 01:05:17

Health: -25/132    AC: 25    Str: 26    XL:     14   Next: 35%
Magic:  6/6        EV: 10    Int:  8    God:    Trog [******]
Gold:   1417       SH:  0    Dex: 15    Spells: 0 memorised, 13 levels left

rFire  . . .     SeeInvis .     J - +0 battleaxe (vamp)
rCold  . . .     Clarity  .     z - +2 chain mail of the Slug {rPois, 8}
rNeg   + . .     SustAb   .     (no shield)
rPois  +         Gourm    .     (no helmet)
rElec  .         Spirit   .     (no cloak)
rCorr  .         Warding  .     i - +2 pair of gloves {Str+3}
rMut   .         Stasis   .     f - +2 pair of boots {Fly}
MR     ++...                    (no amulet)
Stlth  ..........               y - +3 ring of slaying
                                l - +2 ring of protection

@: exhausted, flying, non-regenerating, slowed, very slow, very resistant to
hostile enchantments, extremely unstealthy
A: damage resistance, recharge devices, negative energy resistance 1, sense
surroundings 2, slow healing 3
a: Device Recharging, Burn Spellbooks, Berserk, Trog's Hand, Brothers in Arms,
Renounce Religion, Stop Flying


You were on level 5 of the Snake Pit.
You worshipped Trog.
Trog was exalted by your worship.
You were near starving.

You visited 3 branches of the dungeon, and saw 24 of its levels.
You also visited: Ossuary.

You collected 1417 gold pieces.

Inventory:

Hand weapons
 h - a +4 antimagic battleaxe
 w - a +2 executioner's axe of freezing
 J - a +0 vampiric battleaxe (weapon)
 N - a +3 broad axe of freezing
Armour
 f - a +2 pair of boots of flying (worn)
 i - a +2 pair of gloves of strength (worn)
 z - the +2 chain mail of the Slug (worn) {rPois, 8}
   (You found it on level 10 of the Dungeon)

   It protects you from poison.
Jewellery
 l - a +2 ring of protection (left hand)
 o - an uncursed ring of sustain abilities {unknown}
 u - an uncursed ring of stealth
 y - a +3 ring of slaying (right hand)
 M - an uncursed ring of protection from fire {unknown}
Magical devices
 b - a wand of lightning (1) {12}
 c - a wand of heal wounds (1) {@v29}
 k - a wand of draining (4) {12}
 A - a wand of paralysis (17) {24}
 E - a wand of digging (2) {24}
Scrolls
 e - 2 scrolls of blinking
 g - 8 scrolls of identify {@r1}
 j - 5 scrolls of remove curse
 n - a scroll of fear
 D - a scroll of teleportation {@r4}
 K - a scroll of recharging
Potions
 a - a potion of poison {unknown}
 q - 3 potions of brilliance
 r - 3 potions of ambrosia
 s - 2 potions of might
 v - 3 potions of curing {@q1}
 B - a potion of magic {unknown}
 C - a potion of cancellation {unknown}
 F - a potion of resistance
 G - a potion of agility {unknown}
 H - a potion of haste {@q3}
 L - a potion of beneficial mutation {unknown}
Comestibles
 d - 9 bread rations
 m - 18 fruits
 x - 2 meat rations
 I - 2 slices of pizza
 O - a beef jerky


   Skills:
 - Level 10.1 Fighting
 - Level 16.5 Axes
 - Level 16.4 Armour
 - Level 2.1 Dodging
 + Level 9.7 Evocations


You had 13 spell levels left.
You didn't know any spells.

Dungeon Overview and Level Annotations

Branches:
Dungeon (11/15)            Temple (0/1) D:4            Lair (8/8) D:11
  Snake (5/5) Lair:3
  Swamp: Lair:3-6    Shoals: Lair:3-6     Slime: Lair:6-8       Orc: D:9-12

Altars:
Elyvilon
Fedhas
Sif Muna
Xom
Yredelemnul
The Shining One

Annotations:
D:10 exclusion: orange crystal statue
Lair:6 lair branch
Snake:5 Wiglaf


Innate Abilities, Weirdness & Mutations

You are resistant to damage.
You can recharge devices by infusing magical energy.
You resist negative energy.
You passively map the area around you.
You do not heal naturally.


Message History

You hit Wiglaf.
Wiglaf is almost dead.
Wiglaf hits you but does no damage.
You hit Wiglaf but do no damage.
Wiglaf is almost dead.
Wiglaf hits you with an enchanted war axe!
Wiglaf hits you with an enchanted war axe!!
* * * LOW HITPOINT WARNING * * *
Huge Dmg: -24%(-32hp) hp: 22%(28hp) Wiglaf blocks your attack.
Wiglaf is almost dead.
Wiglaf hits you with an enchanted war axe!
* * * LOW HITPOINT WARNING * * *
Huge Dmg: -6%(-7hp) hp: 16%(21hp) Wiglaf blocks your attack.
Wiglaf is almost dead.
Wiglaf hits you with an enchanted war axe!!
* * * LOW HITPOINT WARNING * * *
Wiglaf hits you with an enchanted war axe!!
You die...

*,,,,,,,,,,,,,.,,,,,,*,,,,,,,,,,
*,,,,,,,,**+*..#***,,*,,,,,,,,,,
*,,,,,,**+,,*#.# **.*,,,,,,,,,,
*,,**,,*,,,,,#.## *#.#*,,,,,,,,,
**,,***,*,,,,,#..#*#...#,,,,,,,,,
*,,,**,,**,,,##..##....#,,**,***,
*,,,,,,..#####.........#******,**
*,,,,,,,.................,,,,,,,,
,*****,.........@g.......,,,,*+*,
*******,.##+#............,,,,*,**
,*,,**,,,#..'....####...,,,,,*,,,
,,,,,,,,,+).#.####,,***.,,,,,*,,,
,,*,,,,.,#.##.#,,,,,,,*,,,,,,*,,,
*****....###..#,,,,,,,*,,,,,,*,,,
***.........##,,,,,,*,,,,,,**,*
***,,..........#,,,,,,*,,,,,,,***
*,,,,,.........#<,,,,,**,,,,,,,,,


You could see Wiglaf.

Vanquished Creatures
  6 naga warriors
  4 hydras
  4 anacondas
  A tengu warrior (D:11)
  2 naga sharpshooters (Snake:4)
  Nergalle (D:11)
  A shock serpent (Snake:3)
  A salamander mystic (Snake:5)
  3 naga ritualists
  A lindwurm (Lair:8)
  4 mana vipers
  A griffon (Lair:7)
  6 salamanders
  A manticore (D:11)
  18 black mambas
  2 elephants (Lair:8)
  A guardian serpent (Snake:3)
  10 naga magi
  6 spiny frogs
  3 komodo dragons
  2 fire drakes (Lair:8)
  2 ravens (D:11)
  2 blink frogs (Lair:8)
  A wraith (D:11)
  3 basilisks (Lair:8)
  A deep elf mage (D:11)
  28 yaks
  A wyvern (Lair:3)
  Grum (D:10)
  5 hippogriffs
  A hungry ghost (D:8)
  8 wolves
  A warg (D:11)
  21 nagas
  18 water moccasins
  5 porcupines
  A wasp (Lair:5)
  A necrophage (D:11)
  An eye of draining (D:10)
  4 crocodiles
  5 ogres
  A centaur (D:8)
  An orc warrior (D:9)
  A big kobold (D:11)
  3 elf zombies (Ossuary)
  9 giant frogs
  4 scorpions
  6 killer bees (D:8)
  6 hounds
  4 crimson imps
  A giant frog zombie (D:7)
  A centaur zombie (D:11)
  2 jellies
  3 human zombies (Ossuary)
  6 orc wizards
  3 iguanas
  8 orc priests
  4 worker ants
  5 hell rats (Lair:4)
  A big kobold zombie (Ossuary)
  2 spectral orcs (D:11)
  6 sheep
  Terence (D:3)
  2 mummies (Ossuary)
  10 adders
  8 gnolls
  34 river rats
  A giant mite (D:7)
  4 worms
  3 adder zombies
  2 giant geckos
  20 orcs
  A ball python (D:2)
  22 bats
  3 giant cockroaches
  11 goblins
  12 hobgoblins
  20 jackals
  6 quokkas
  4 giant newts
  A giant spore (D:9)
  A goblin zombie (Ossuary)
  7 hobgoblin zombies (Ossuary)
  A jackal zombie (Ossuary)
  20 kobolds
  12 kobold zombies (Ossuary)
  7 orc zombies (Ossuary)
  7 rats
  A rat zombie (Ossuary)
  3 fungi
489 creatures vanquished.

Vanquished Creatures (collateral kills)
  A naga warrior (Snake:4)
  3 hydras
  2 death yaks (Lair:8)
  A naga sharpshooter (Snake:3)
  A naga ritualist (Snake:4)
  A hill giant (D:11)
  An elephant (Lair:8)
  A spiny frog (Lair:8)
  3 black mambas
  A guardian serpent (Snake:4)
  3 komodo dragons
  3 basilisks (Lair:8)
  A yak (Lair:4)
  A wyvern (Lair:8)
  2 wargs (D:11)
  A naga (Snake:4)
  A mottled dragon (D:11)
  An orc warrior (D:11)
  7 centaurs
  A crocodile (Lair:3)
  A giant frog (D:11)
  An electric eel (Lair:3)
  3 orc wizards (D:11)
  An orc priest (D:11)
  An adder (Lair:8)
  11 river rats
  3 orcs (D:11)
  A rat (D:10)
58 creatures vanquished.

Vanquished Creatures (others)
  2 hill giants
  An orc wizard (D:11)
  A sheep (Lair:8)
  An adder (D:10)
  A river rat (Lair:3)
6 creatures vanquished.

Grand Total: 553 creatures vanquished

Notes
Turn   | Place    | Note
--------------------------------------------------------------
     0 | D:1      | mauris, the Deep Dwarf Berserker, began the quest for the Orb.
     0 | D:1      | Reached XP level 1. HP: 20/20 MP: 1/1
    83 | D:1      | Reached XP level 2. HP: 25/27 MP: 2/2
   124 | D:1      | Reached skill level 4 in Axes
   125 | D:1      | Acquired Trog's second power
   221 | D:1      | Huge Dmg: 4 dmg
   239 | D:1      | Reached XP level 3. HP: 15/33 MP: 3/3
   521 | D:2      | Found a blossoming altar of Fedhas.
   763 | D:3      | Huge Dmg: 6 dmg
   799 | D:3      | Reached XP level 4. HP: 35/40 MP: 4/4
   816 | D:3      | Found a white marble altar of Elyvilon.
   875 | D:3      | Huge Dmg: 5 dmg
   900 | D:3      | Found a basalt altar of Yredelemnul.
   915 | D:3      | Noticed Terence
   921 | D:3      | Huge Dmg: 8 dmg
   922 | D:3      | Huge Dmg: 9 dmg
   929 | D:3      | Huge Dmg: 13 dmg
   934 | D:3      | Huge Dmg: 6 dmg
   934 | D:3      | Killed Terence
   973 | D:3      | Reached skill level 5 in Axes
  1076 | D:4      | Acquired Trog's third power
  1115 | D:4      | Found a staircase to the Ecumenical Temple.
  1121 | D:4      | Reached XP level 5. HP: 34/46 MP: 4/4
  1238 | D:4      | Noticed an ogre
  1246 | D:4      | Huge Dmg: 11 dmg
  1249 | D:4      | Killed an ogre
  1249 | D:4      | Reached skill level 5 in Armour
  1249 | D:4      | Reached XP level 6. HP: 55/55 MP: 5/5
  1276 | D:4      | Reached skill level 6 in Axes
  1510 | D:4      | Noticed an ogre
  1519 | D:4      | Huge Dmg: 10 dmg
  1520 | D:4      | Huge Dmg: 14 dmg
  1521 | D:4      | Killed an ogre
  1541 | D:5      | Entered Level 5 of the Dungeon
  1583 | D:5      | Found a sand-covered staircase.
  1587 | Ossuary  | Entered an ossuary
  1651 | Ossuary  | Huge Dmg: 13 dmg
  1696 | Ossuary  | Reached XP level 7. HP: 52/61 MP: 5/5
  1823 | Ossuary  | Reached skill level 7 in Axes
  1985 | D:6      | Reached skill level 1 in Evocations
  1991 | D:6      | Found a shimmering altar of Xom.
  2093 | D:6      | Found a glowing golden altar of the Shining One.
  2366 | D:8      | Reached skill level 8 in Axes
  2366 | D:8      | Reached XP level 8. HP: 42/68 MP: 8/8
  2425 | D:8      | Huge Dmg: 30 dmg
  2614 | D:10     | Entered Level 10 of the Dungeon
  2653 | D:10     | Huge Dmg: 26 dmg
  2673 | D:10     | Huge Dmg: 19 dmg
  2678 | D:10     | Huge Dmg: 15 dmg
  2700 | D:11     | Reached skill level 9 in Axes
  2810 | D:11     | Noticed a manticore
  2813 | D:10     | Huge Dmg: 13 dmg
  2824 | D:10     | Noticed an orange crystal statue
  2835 | D:10     | Huge Dmg: 17 dmg
  2837 | D:10     | Huge Dmg: 14 dmg
  2841 | D:10     | Huge Dmg: 16 dmg
  3010 | D:9      | Huge Dmg: 12 dmg
  3017 | D:9      | Huge Dmg: 20 dmg
  3028 | D:9      | Huge Dmg: 22 dmg
  3060 | D:9      | Gained mutation: You passively map the area around you. [level up]
  3060 | D:9      | Reached XP level 9. HP: 59/74 MP: 8/8
  3137 | D:9      | Huge Dmg: 26 dmg
  3152 | D:9      | Found a deep blue altar of Sif Muna.
  3269 | D:9      | Reached skill level 10 in Axes
  3427 | D:8      | Huge Dmg: 21 dmg
  3553 | D:10     | Noticed Grum
  3562 | D:10     | Huge Dmg: 14 dmg
  3563 | D:10     | Huge Dmg: 7 dmg
  3565 | D:10     | Reached skill level 10 in Armour
  3568 | D:10     | Huge Dmg: 5 dmg
  3573 | D:10     | Huge Dmg: 4 dmg
  3575 | D:10     | Killed Grum
  3581 | D:10     | Huge Dmg: 3 dmg
  3602 | D:10     | Got a jewelled chain mail {8}
  3614 | D:10     | Identified the +2 chain mail of the Slug {rPois, 8} (You found it on level 10 of the Dungeon)
  3766 | D:10     | Reached skill level 11 in Axes
  3910 | D:11     | Noticed a raven
  3910 | D:11     | Noticed a tengu warrior
  3914 | D:11     | Noticed a raven
  3919 | D:11     | Killed a raven
  3932 | D:11     | Killed a tengu warrior
  3932 | D:11     | Reached XP level 10. HP: 79/81 MP: 7/7
  3935 | D:11     | Killed a raven
  3936 | D:11     | Huge Dmg: 23 dmg
  4033 | D:11     | Found a white marble altar of Elyvilon.
  4076 | D:11     | Killed a manticore
  4076 | D:11     | Reached skill level 12 in Axes
  4087 | D:11     | Huge Dmg: 18 dmg
  4098 | D:11     | Huge Dmg: 7 dmg
  4103 | D:11     | Huge Dmg: 6 dmg
  4190 | D:11     | Noticed a hill giant
  4198 | D:11     | Killed a hill giant
  4206 | D:11     | Received a gift from Trog
  4247 | D:11     | Noticed Nergalle
  4252 | D:11     | Noticed a spectral orc warlord
  4266 | D:11     | Huge Dmg: 23 dmg
  4269 | D:11     | Killed Nergalle
  4288 | D:11     | Found a staircase to the Lair.
  4353 | Lair:1   | Entered Level 1 of the Lair of Beasts
  4475 | Lair:1   | Reached skill level 5 in Evocations
  4480 | Lair:1   | Huge Dmg: 8 dmg
  4494 | Lair:1   | Reached XP level 11. HP: 47/88 MP: 3/13
  4550 | Lair:1   | Noticed a black mamba
  4559 | Lair:1   | Killed a black mamba
  4584 | Lair:1   | Noticed a five-headed hydra
  4591 | Lair:1   | Killed a nine-headed hydra
  4597 | Lair:1   | Huge Dmg: 28 dmg
  4842 | Lair:2   | Huge Dmg: 11 dmg
  4869 | Lair:1   | Reached skill level 13 in Axes
  5054 | Lair:3   | Found a staircase to the Snake Pit.
  5131 | Lair:3   | Noticed a five-headed hydra
  5137 | Lair:3   | Received a gift from Trog
  5138 | Lair:3   | Huge Dmg: 17 dmg
  5141 | Lair:3   | Killed a five-headed hydra
  5146 | Lair:3   | Huge Dmg: 7 dmg
  5450 | Lair:4   | Noticed a five-headed hydra
  5453 | Lair:4   | Huge Dmg: 11 dmg
  5454 | Lair:4   | Huge Dmg: 12 dmg
  5467 | Lair:4   | Killed a ten-headed hydra
  5483 | Lair:4   | Huge Dmg: 22 dmg
  5576 | Lair:5   | Received a gift from Trog
  5636 | Lair:6   | Reached skill level 5 in Fighting
  5640 | Lair:6   | Reached XP level 12. HP: 75/103 MP: 14/14
  5723 | Lair:7   | Noticed a six-headed hydra
  5730 | Lair:7   | Killed a 11-headed hydra
  5735 | Lair:7   | Huge Dmg: 35 dmg
  5823 | Lair:7   | Reached skill level 14 in Axes
  5914 | Lair:8   | Entered Level 8 of the Lair of Beasts
  5963 | Lair:8   | Received a gift from Trog
  6032 | Lair:8   | Huge Dmg: 37 dmg
  6040 | Lair:8   | Noticed a four-headed hydra
  6042 | Lair:8   | Noticed an eight-headed hydra
  6046 | Lair:8   | Huge Dmg: 31 dmg
  6047 | Lair:8   | Killed a six-headed hydra
  6048 | Lair:8   | Huge Dmg: 24 dmg
  6049 | Lair:8   | Killed an eight-headed hydra
  6169 | Lair:8   | Huge Dmg: 20 dmg
  6196 | Lair:6   | Noticed an eight-headed hydra
  6205 | Lair:6   | Killed a 13-headed hydra
  6205 | Lair:6   | Reached skill level 15 in Axes
  6205 | Lair:6   | Reached XP level 13. HP: 81/116 MP: 14/14
  6211 | Lair:6   | Huge Dmg: 27 dmg
  6323 | Snake:1  | Entered Level 1 of the Snake Pit
  6341 | Snake:1  | Received a gift from Trog
  6381 | Snake:1  | Reached skill level 15 in Armour
  6394 | Snake:1  | Huge Dmg: 20 dmg
  6406 | Snake:1  | Huge Dmg: 14 dmg
  6462 | Snake:1  | Huge Dmg: 10 dmg
  6606 | Snake:2  | Huge Dmg: 30 dmg
  6611 | Snake:2  | Huge Dmg: 28 dmg
  6613 | Snake:2  | Huge Dmg: 17 dmg
  6622 | Snake:2  | Huge Dmg: 27 dmg
  6899 | Snake:3  | Huge Dmg: 18 dmg
  6900 | Snake:3  | Received a gift from Trog
  6911 | Snake:3  | Huge Dmg: 9 dmg
  6923 | Snake:3  | Huge Dmg: 10 dmg
  6924 | Snake:3  | Huge Dmg: 20 dmg
  6925 | Snake:3  | Huge Dmg: 6 dmg
  6983 | Snake:3  | Reached skill level 16 in Axes
  7192 | Snake:3  | Huge Dmg: 15 dmg
  7193 | Snake:3  | Gained mutation: You resist negative energy. [level up]
  7193 | Snake:3  | Reached XP level 14. HP: 62/129 MP: 8/8
  7268 | Snake:4  | Huge Dmg: 21 dmg
  7269 | Snake:4  | Huge Dmg: 23 dmg
  7270 | Snake:4  | Huge Dmg: 11 dmg
  7271 | Snake:4  | Huge Dmg: 18 dmg
  7293 | Snake:4  | Huge Dmg: 65 dmg
  7333 | Snake:4  | Received a gift from Trog
  7354 | Snake:4  | Huge Dmg: 21 dmg
  7367 | Snake:4  | Reached skill level 10 in Fighting
  7394 | Snake:5  | Entered Level 5 of the Snake Pit
  7451 | Snake:5  | Huge Dmg: 14 dmg
  7519 | Snake:5  | Noticed Wiglaf
  7544 | Snake:5  | Huge Dmg: 70 dmg
  7546 | Snake:5  | Huge Dmg: 19 dmg
  7548 | Snake:5  | Huge Dmg: 32 dmg
  7549 | Snake:5  | Huge Dmg: 7 dmg
  7549 | Snake:5  | HP: 3/132 [Wiglaf/enchanted war axe (18)]
  7549 | Snake:5  | Annihilated by Wiglaf

Action                   |  1- 3 |  4- 6 |  7- 9 | 10-12 | 13-15 || total
-------------------------+-------+-------+-------+-------+-------++-------
Melee: Hand axe          |   151 |   287 |   582 |    77 |       ||  1097
       Battleaxe         |       |       |       |   193 |   201 ||   394
       Broad axe         |       |       |       |   197 |       ||   197
       Executioner's axe |       |       |       |    62 |   216 ||   278
Invok: Berserk           |       |       |     6 |     6 |     4 ||    16
       Burn Spellbooks   |       |       |     1 |     1 |     1 ||     3
       Brothers in Arms  |       |       |       |     7 |     3 ||    10
       Trog's Hand       |       |       |       |       |     4 ||     4
 Abil: Device Recharging |       |     2 |     3 |     6 |    10 ||    21
Evoke: Wand              |     2 |     8 |    19 |    29 |    36 ||    94
  Use: Scroll            |       |     3 |    13 |     5 |     5 ||    26
       Potion            |       |       |     1 |     4 |     1 ||     6
 Stab: Sleeping          |     2 |       |       |       |       ||     2
       Distracted        |       |       |       |     1 |       ||     1
  Eat: Chunk             |       |     2 |    14 |    15 |     8 ||    39
       Beef jerky        |       |       |     1 |     1 |       ||     2
       Meat ration       |       |       |       |       |     1 ||     1
       Pizza             |       |       |       |       |     1 ||     1

Vault maps used:
D:1:      minmay_arrival_stone_box, serial_glass, glass_columns_b,
          glass_columns_c, feat_on_display, minmay_strange_pillars,
          item_on_display_a, item_on_display_a, corexii_corridor_pit,
          minmay_ruptured
D:2:      wad_crossroads, nicolae_overflow_hidden_temple
D:3:      overflow_temple_1_default, elyvilon_altar_3, st_stairs_11,
          uniq_terence
D:4:      minmay_temple_entry_from_below_a, first_bread
D:5:      enter_ossuary_5, gup_sewer_entry_bubbles, minivault_5,
          kennysheep_generic_room_9, uniq_prince_ribbit1
D:6:      nicolae_overflow_crystal_walls, basic_altar, corexii_shack
D:7:      zin_angel, lightli_temple_of_fire, serial_shops,
          nicolae_shop_temple_entry_statues_fountains
D:9:      lemuel_doored_altar
D:10:     minmay_separated_statues, uniq_grum
D:11:     erik_lair_orcish_takeover, basic_altar, grunt_tengu_nest,
          uniq_nergalle
Lair:1:   st_stairs_9, grunt_forest_stairs_basic, grunt_megastairs_2
Lair:2:   serial_bayou_shore_b
Lair:3:   dummy_snake_entry, guppyfry_lair_drakes, serial_bayou_shore_b
Lair:5:   grunt_megastairs_4, serial_bayou_shore_b, infiniplex_staircase_pool_2
Lair:6:   nicolae_swamp_entry_splash_gauntlet, dpeg_slime_entry_corner
Lair:8:   hangedman_lair_in_review, guppyfry_lair_end_dragon,
          kennysheep_basilisk_garden, serial_bayou_shore_b
Snake:3:  spider_trap, lightli_airlock
Snake:4:  serial_shops, nicolae_shop_behind_doors, spider_trap,
          serial_bayou_shore_a, serial_bayou_shore_b
Snake:5:  grunt_snake_rune_serpentine_throne, serial_shops, shop, shop_statue,
          nicolae_shop_window_shopping, nicolae_shop_behind_doors,
          nicolae_shop_behind_doors, uniq_wiglaf
Ossuary:  ossuary_tomb_1
